 Dungeon Crawl Stone Soup version 0.19.0-2-gae57169 (webtiles) character file.

93 Ladykiller69 the Shield-Bearer (level 4, -4/37 HPs)
             Began as a Formicid Fighter on Nov 6, 2016.
             Slain by a gnoll
             ... wielding a +2 flail of protection
              (7 damage)
             ... on level 2 of the Dungeon.
             The game lasted 00:04:06 (1592 turns).

Ladykiller69 the Shield-Bearer (Formicid Fighter)   Turns: 1592, Time: 00:04:07

Health: -4/37      AC:  6    Str: 21    XL:     4   Next: 92%
Magic:  4/4        EV:  7    Int:  8    God:
Gold:   108        SH:  9    Dex: 10    Spells: 0 memorised, 3 levels left

rFire  . . .     SeeInvis +     a - +0 war axe
rCold  . . .     Gourm    .     b - +0 scale mail
rNeg   . . .     Faith    .     c - +0 shield
rPois  .         Spirit   .     (helmet unavailable)
rElec  .         Reflect  .     (no cloak)
rCorr  .         Harm     .     (no gloves)
MR     .....                    (no boots)
Stlth  ..........               (no amulet)
                                (no ring)
                                (no ring)

@: drained
A: permanent stasis, dig shafts and tunnels, four strong arms, antennae 3
a: Dig, Shaft Self


You were on level 2 of the Dungeon.
You were not hungry.

You visited 1 branch of the dungeon, and saw 2 of its levels.

You collected 108 gold pieces.

Inventory:

Hand Weapons
 a - a +0 war axe (weapon)
 i - a +0 whip of draining
Missiles
 e - 69 stones (quivered)
Armour
 b - a +0 scale mail (worn)
 c - a +0 shield (worn)
Jewellery
 j - a cursed ring of teleportation {unknown}
 n - an uncursed amulet of harm {unknown}
 u - a +3 amulet of reflection {unknown}
Scrolls
 k - 3 scrolls of identify {unknown}
 l - 2 scrolls of noise {unknown}
 m - 2 scrolls of remove curse {unknown}
 r - 3 scrolls of teleportation {unknown}
Potions
 d - a potion of might
 g - 2 potions of heal wounds {unknown}
 h - a potion of cancellation {unknown}
 o - a potion of invisibility {unknown}
 p - 2 potions of curing {unknown}
 t - a potion of lignification {unknown}
Comestibles
 f - 4 bread rations
 q - a beef jerky
 s - 4 fruits
 v - a chunk of flesh


   Skills:
 + Level 3.8(3.3) Fighting
 * Level 3.3(2.8) Axes
 + Level 4.0(3.5) Armour
 + Level 4.2(3.7) Shields


You had 3 spell levels left.
You didn't know any spells.

Dungeon Overview and Level Annotations

Branches:
Dungeon (2/15)

Altars:
Fedhas
Qazlal
Zin

Annotations:
D:2 exclusion: oklob plant


Innate Abilities, Weirdness & Mutations

You are under a permanent stasis effect.
You can dig through walls and to a lower floor.
Your four strong arms can wield two-handed weapons with a shield.
You have a pair of large antennae on your head. (SInv)


Message History

You block the gnoll's attack. The gnoll barely misses you.
You hit the gnoll but do no damage.
The gnoll is severely wounded.
You block the gnoll's attack.
Your shield and scale mail prevent you from hitting the gnoll.
The gnoll is severely wounded.
The gnoll hits you with a flail of protection.
* * * LOW HITPOINT WARNING * * *
You hit the gnoll.
The gnoll is almost dead.
The gnoll hits you with a flail of protection.
* * * LOW HITPOINT WARNING * * *
You hit the gnoll but do no damage.
The gnoll is almost dead.
The gnoll barely misses you.
You hit the gnoll.
The gnoll is almost dead.
You block the gnoll's attack.
The gnoll hits you with a flail of protection!
You die...

#....#. .#
#....#...##.. ...#.
#.#######...#........
>.. ....
................
#g####.#
###....#.#.#.##
#.{....# #....#.#....#
#..g..S# ####...######
#.....{### #........##
#......#g## #......#.##
#.....{{#@# #....#.#..#
#..######## #....#.####
#.......# #....#....#
#.##..#.#####.#####
#[#######.# .....#.#
#.....####.# #.#
.....#.#####..........#
#.#
#........##.....######
#.. #...#.##.##.....##
### #...#.##.##......##
#


You could see a gnoll.

Vanquished Creatures
  2 gnolls (D:2)
  2 adders (D:2)
  A worm (D:2)
  A dart slug (D:2)
  4 leopard geckos (D:1)
  3 ball pythons (D:1)
  2 giant cockroaches
  4 goblins
  4 hobgoblins (D:1)
  2 jackals (D:1)
  6 kobolds
  5 bats
  3 frilled lizards
  8 rats
47 creatures vanquished.

Notes
Turn   | Place    | Note
-------+----------+-------------------------------------------
     0 | D:1      | Ladykiller69 the Formicid Fighter began the quest for the Orb.
     0 | D:1      | Reached XP level 1. HP: 18/18 MP: 1/1
   110 | D:1      | Reached XP level 2. HP: 20/24 MP: 2/2
   373 | D:1      | Reached XP level 3. HP: 26/29 MP: 3/3
  1118 | D:2      | Reached XP level 4. HP: 33/35 MP: 4/4
  1351 | D:2      | Found a blossoming altar of Fedhas.
  1369 | D:2      | Noticed an oklob plant
  1430 | D:2      | Found a stormy altar of Qazlal.
  1484 | D:2      | Found a glowing silver altar of Zin.
  1484 | D:2      | Noticed an angel
  1592 | D:2      | Slain by a gnoll

Skill      XL: |  1  2  3  4 |
---------------+-------------+-----
Shields        | 4 |  4.2
Axes           | 3 |  3.3
Armour         | 4 |  4.0
Fighting       | |  3.8

Action                   |  1- 3 |  4- 6 || total
-------------------------+-------+-------++-------
Melee: War axe           |   109 |    72 ||   181
 Abil: Dig               |     3 |     1 ||     4
  Eat: Chunk             |     1 |     2 ||     3
Armor: Scale mail        |    50 |    32 ||    82
Dodge: Dodged            |    34 |    13 ||    47
Block: Shield            |    54 |    34 ||    88
